 Dungeon Crawl Stone Soup version 0.21.1-1-g345015f (webtiles) character file.

1134 wojtek the Cleaver (level 8, -1/67 HPs)
             Began as a Minotaur Fighter on July 13, 2018.
             Succumbed to CrazyArbalest's ghost's poison
             ... on level 5 of the Dungeon.
             The game lasted 00:05:14 (3934 turns).

wojtek the Cleaver (Minotaur Fighter)               Turns: 3934, Time: 00:05:15

Health: -1/67      AC: 10    Str: 22 (23) XL:     8   Next: 14%
Magic:  7/7        EV:  6    Int:  2 (5)  God:
Gold:   195        SH:  9    Dex:  7 (10) Spells: 7/7 levels left

rFire    + . .     SeeInvis .   a - +0 war axe
rCold    + . .     Gourm    .   c - +0 shield
rNeg     . . .     Faith    .   h - +0 chain mail
rPois    +         Spirit   .   (helmet restricted)
rElec    +         Reflect  .   r - +0 cloak (curse)
rCorr    +         Harm     .   (no gloves)
MR       .....                  (no boots)
Stlth    ..........             (no amulet)
HPRegen  0.21/turn              (no ring)
MPRegen  0.10/turn              (no ring)

@: lethally poisoned (-1 -> -33), resistant
A: retaliatory headbutt, horns 2
a: no special abilities


You were on level 5 of the Dungeon.
You were not hungry.

You visited 1 branch of the dungeon, and saw 5 of its levels.

You collected 195 gold pieces.

Inventory:

Hand Weapons
 a - a +0 war axe (weapon)
Armour
 c - a +0 shield (worn)
 h - a +0 chain mail (worn)
 r - a cursed +0 cloak (worn)
Wands
 g - a wand of enslavement (15)
 y - a wand of flame (32)
Scrolls
 b - 5 scrolls of teleportation {unknown}
 e - 6 scrolls of identify {unknown}
 k - 2 scrolls of enchant armour {unknown}
 l - 2 scrolls of magic mapping {unknown}
 m - 4 scrolls of remove curse {unknown}
 o - a scroll of immolation {unknown}
 u - a scroll of amnesia {unknown}
 x - a scroll of fear {unknown}
Potions
 d - 2 potions of might
 j - a potion of curing {unknown}
 n - 2 potions of haste
 p - a potion of invisibility {unknown}
 q - a potion of heal wounds {unknown}
 s - a potion of flight {unknown}
 w - a potion of degeneration
Books
 t - a book of Changes

   Spells                             Type                      Level
   a - Beastly Appendage              Transmutation                1
   b - Sticks to Snakes               Transmutation                2
   c - Spider Form                    Transmutation/Poison         3
   d - Ice Form                       Ice/Transmutation            4
   e - Blade Hands                    Transmutation                5
Comestibles
 f - 13 rations
 v - 4 chunks of flesh


   Skills:
 + Level 4.4 Fighting
 + Level 10.5 Axes
 + Level 4.4 Armour
 + Level 1.9 Dodging
 + Level 4.4 Shields


You had 7 spell levels left.
You didn't know any spells.

Dungeon Overview and Level Annotations

Branches:
Dungeon (5/15)             Temple (0/1) D:5

Altars:
Ashenzari
Cheibriados
Vehumet
Xom

Annotations:
D:5 CrazyArbalest's ghost, novice KoHu; Dowan; Duvessa


Innate Abilities, Weirdness & Mutations

You reflexively headbutt those who attack you in melee.
You have a pair of horns on your head.


Message History

You feel weakened.
You feel dopey.
You feel clumsy.
You feel very sick.
CrazyArbalest's ghost hits you but does no damage.
You are more poisoned.
* * * LOW HITPOINT WARNING * * *
You feel very sick.
Things that are here:
a whip; a short sword; a kobold corpse
* * * LOW HITPOINT WARNING * * *
You feel very sick.
* * * LOW HITPOINT WARNING * * *
You feel very sick.
* * * LOW HITPOINT WARNING * * *
You feel very sick.
* * * LOW HITPOINT WARNING * * *
You feel very sick.
* * * LOW HITPOINT WARNING * * *
You feel very sick.
It was a potion of resistance.
You feel protected.
You die...

###.#.##.#
#.#.##.#
####....#.#
..#.###..# #..#
##.# #..# #.#
#.<## ##.#
#.#.###.##
#@.....##
#..##### #W)#
#..# #######
#..##.......
#####%.)......#
.......(.†.##.#
###.._......#..
#.........#.#


You could see CrazyArbalest's ghost.

Vanquished Creatures
  The ghost of goulibeur the Pure, an amateur DsAK of Lugonu (D:4)
  Sigmund (D:3)
  2 ogres
  A big kobold (D:5)
  A centaur skeleton (D:4)
  2 hounds (D:5)
  3 orc wizards (D:4)
  Jessica (D:2)
  2 bullfrog skeletons
  An iguana (D:5)
  2 worker ants (D:4)
  2 hound skeletons (D:4)
  Robin (D:2)
  4 gnolls
  4 adders
  A shadow imp (D:2)
  4 worms
  2 dart slugs
  4 leopard geckos
  9 orcs
  3 bats
  3 giant cockroaches
  12 hobgoblins
  A quokka (D:4)
  5 frilled lizards
  12 goblins
  9 kobolds
  A leopard gecko skeleton (D:5)
  8 rats
102 creatures vanquished.

Notes
Turn   | Place    | Note
-------+----------+-------------------------------------------
     0 | D:1      | wojtek the Minotaur Fighter began the quest for the Orb.
     0 | D:1      | Reached XP level 1. HP: 19/19 MP: 0/0
    33 | D:1      | Reached skill level 3 in Axes
   220 | D:1      | Reached XP level 2. HP: 22/26 MP: 1/1
   544 | D:1      | Reached skill level 4 in Axes
   934 | D:2      | Noticed Robin
   936 | D:2      | Reached XP level 3. HP: 31/31 MP: 2/2
   952 | D:2      | Killed Robin
   987 | D:2      | Reached skill level 5 in Axes
  1089 | D:2      | Noticed Jessica
  1095 | D:2      | Killed Jessica
  1095 | D:2      | Reached XP level 4. HP: 39/39 MP: 3/3
  1452 | D:3      | Found a shattered altar of Ashenzari.
  1566 | D:3      | Reached skill level 6 in Axes
  1579 | D:3      | Reached XP level 5. HP: 36/45 MP: 4/4
  1969 | D:3      | Noticed Sigmund
  1993 | D:3      | Killed Sigmund
  1993 | D:3      | Reached skill level 8 in Axes
  1993 | D:3      | Reached XP level 6. HP: 6/51 MP: 5/5
  2788 | D:4      | Reached skill level 9 in Axes
  2886 | D:4      | Noticed goulibeur's ghost (amateur DsAK)
  2988 | D:4      | Killed goulibeur's ghost
  2988 | D:4      | Reached XP level 7. HP: 19/57 MP: 6/6
  3189 | D:4      | Reached skill level 10 in Axes
  3400 | D:4      | Found a radiant altar of Vehumet.
  3713 | D:5      | Entered Level 5 of the Dungeon
  3715 | D:5      | Noticed Dowan
  3716 | D:5      | Noticed Duvessa
  3774 | D:5      | Found a staircase to the Ecumenical Temple.
  3790 | D:5      | Found a shimmering altar of Xom.
  3798 | D:5      | Reached skill level 1 in Dodging
  3889 | D:5      | Found a snail-covered altar of Cheibriados.
  3896 | D:5      | Reached XP level 8. HP: 57/66 MP: 7/7
  3910 | D:5      | Noticed CrazyArbalest's ghost (novice KoHu)
  3933 | D:5      | HP: 2/67 [poisoned by CrazyArbalest's ghost]
  3934 | D:5      | Succumbed to CrazyArbalest's ghost's poison

Skill      XL: |  1  2  3  4  5  6  7 |
---------------+----------------------+-----
Axes           | 3 4 5 6 8 9 10 | 10.5
Fighting       | 4 |  4.4
Armour         | 4 |  4.4
Dodging        | 1 |  1.9
Shields        | 4 |  4.4

Action                   |  1- 3 |  4- 6 |  7- 9 || total
-------------------------+-------+-------+-------++-------
Melee: War axe           |   101 |   140 |    72 ||   313
       Headbutt          |    11 |    22 |    17 ||    50
  Use: Potion            |       |       |     2 ||     2
  Eat: Chunk             |     1 |     6 |     3 ||    10
Armor: Scale mail        |     9 |       |       ||     9
       Chain mail        |    47 |    69 |    46 ||   162
Dodge: Dodged            |    33 |    20 |    14 ||    67
Block: Shield            |    47 |    59 |    29 ||   135
